 Dungeon Crawl Stone Soup version 0.26-b1-32-g5d43845318 (webtiles) character file.

Game seed: 14649607154276129567

700 Borgoz the Skirmisher (level 7, 0/60 HPs)
             Began as a Ghoul Fighter on Jan 13, 2021.
             Slain by Duvessa
             ... wielding a +0 short sword
              (5 damage)
             ... on level 4 of the Dungeon.
             The game lasted 00:05:01 (3610 turns).

Borgoz the Skirmisher (Ghoul Fighter)               Turns: 3610, Time: 00:05:01

Health: 0/60       AC:  8    Str: 26    XL:     7   Next: 65%
Magic:  6/6        EV: 13    Int:  3    God:
Gold:   239        SH: 15    Dex: 10    Spells: 6/6 levels left

rFire    . . .     SeeInvis .   a - +0 long sword
rCold    + . .     Faith    .   c - +0 kite shield
rNeg     + + +     Spirit   .   b - +0 scale mail
rPois    ∞         Reflect  +   (no helmet)
rElec    .         Harm     .   (no cloak)
rCorr    .         Rampage  .   u - +0 pair of gloves
Will     .....                  (no boots)
Stlth    ..........             p - amulet of reflection
HPRegen  0.00/turn              s - +6 ring of strength
MPRegen  0.10/turn              k - +4 ring of evasion

@: glowing
A: claws 1, cold resistance 1, negative energy resistance 3, inhibited
regeneration, torment resistance, unbreathing
a: no special abilities


You were on level 4 of the Dungeon.
You visited 1 branch of the dungeon, and saw 4 of its levels.

You collected 239 gold pieces.

Inventory:

Hand Weapons
 a - a +0 long sword (weapon)
 y - a +0 great sword
Missiles
 o - a throwing net (quivered)
Armour
 b - a +0 scale mail (worn)
 c - a +0 kite shield (worn)
 u - a +0 pair of gloves (worn)
Jewellery
 e - a +4 ring of protection
 k - a +4 ring of evasion (right hand)
 p - an amulet of reflection (around neck)
 q - a +6 ring of intelligence
 s - a +6 ring of strength (left hand)
Wands
 r - a wand of flame (12)
Scrolls
 f - 5 scrolls of teleportation {unknown}
 g - 3 scrolls of identify {unknown}
 h - a scroll of magic mapping {unknown}
 j - a scroll of fog {unknown}
 l - 3 scrolls of remove curse {unknown}
 n - a scroll of fear {unknown}
 v - a scroll of blinking {unknown}
 w - a scroll of enchant armour {unknown}
 B - a scroll of enchant weapon {unknown}
Potions
 d - 3 potions of might
 i - 2 potions of lignification {unknown}
 m - a potion of cancellation {unknown}
 t - 2 potions of curing
 x - a potion of flight {unknown}
 z - a potion of brilliance {unknown}
 A - a potion of berserk rage {unknown}


   Skills:
 + Level 4.8 Fighting
 * Level 4.3 Long Blades
 + Level 3.8 Armour
 * Level 3.6 Dodging
 + Level 3.7 Shields


You had 6 spell levels left.
You didn't know any spells.
Your spell library was empty.

Dungeon Overview and Level Annotations

Branches:
Dungeon (4/15)
 Temple: D:4-7

Altars:
Cheibriados
Okawaru
Wu Jian

Annotations:
D:4 Dowan, Duvessa


Innate Abilities, Weirdness & Mutations

You thrive by killing the living.
You are immune to poison.
You have sharp fingernails.
Your flesh is cold resistant. (rC+)
You are immune to negative energy. (rN+++)
You do not regenerate when monsters are visible.
You are immune to unholy pain and torment.
You can survive without breathing.


Message History

Duvessa misses you. You block Dowan's attack. You block Duvessa's attack.
You barely miss Duvessa.
Duvessa is severely wounded.
You block Duvessa's attack. Dowan hits you but does no damage.
You barely miss Duvessa.
Duvessa is severely wounded.
Duvessa hits you with a +0 short sword.
* * * LOW HITPOINT WARNING * * *
You block Dowan's attack. You block Duvessa's attack.
You hit Duvessa but do no damage.
Duvessa is severely wounded.
Duvessa hits you with a +0 short sword.
* * * LOW HITPOINT WARNING * * *
Dowan hits you but does no damage. Duvessa hits you with a +0 short sword.
* * * LOW HITPOINT WARNING * * *
You block Dowan's attack.
You hit Duvessa.
Duvessa is almost dead.
Duvessa hits you with a +0 short sword.
You die...

###.#
#.... #.#
#.##. #.#
#....
#.###
####.
#...# #†
#..## #.
#..# #.
#..# #.
#e@# #.
#......e#
##.
#.####..#
##.. ##.#
##.#. #.#
#.#.. #.#
##..# #.#
#...[ #.#
###.. #.#


You could see Duvessa (fast) and Dowan.

Vanquished Creatures
  2 phantoms (D:4)
  2 howler monkeys (D:4)
  2 orc priests
  Jessica (D:3)
  A centaur skeleton (D:4)
  Natasha (thrice) (D:2)
  An orc wizard (D:4)
  Robin (D:4)
  5 gnolls
  7 adders
  2 oozes
  2 worms
  A dart slug (D:3)
  A leopard gecko (D:1)
  15 orcs
  A giant cockroach (D:1)
  13 goblins
  12 hobgoblins
  5 jackals
  7 kobolds
  A ball python (D:4)
  3 bats
  9 frilled lizards
  A leopard gecko skeleton (D:4)
  9 rats
107 creatures vanquished.

Notes
Turn   | Place    | Note
-------+----------+-------------------------------------------
     0 | D:1      | Borgoz the Ghoul Fighter began the quest for the Orb.
     0 | D:1      | Reached XP level 1. HP: 19/19 MP: 0/0
    90 | D:1      | Reached XP level 2. HP: 25/26 MP: 1/1
   555 | D:1      | Reached skill level 1 in Dodging
   709 | D:1      | Reached XP level 3. HP: 5/31 MP: 2/2
  1243 | D:2      | Reached XP level 4. HP: 24/40 MP: 3/3
  1821 | D:2      | Noticed Natasha
  1837 | D:2      | Killed Natasha
  1838 | D:2      | Reached XP level 5. HP: 27/46 MP: 4/4
  1944 | D:2      | Noticed Natasha
  1962 | D:2      | Killed Natasha
  1991 | D:2      | Noticed Natasha
  2003 | D:2      | Killed Natasha
  2129 | D:2      | Found an iron altar of Okawaru.
  2374 | D:3      | Reached XP level 6. HP: 52/52 MP: 5/5
  2391 | D:3      | Found a snail-covered altar of Cheibriados.
  2463 | D:3      | Noticed Jessica
  2471 | D:3      | Killed Jessica
  2683 | D:3      | Found an ornate altar of the Wu Jian Council.
  2897 | D:4      | Noticed a phantom
  2962 | D:4      | Killed a phantom
  3200 | D:4      | Noticed Robin
  3206 | D:4      | Reached XP level 7. HP: 57/60 MP: 6/6
  3269 | D:4      | Killed Robin
  3571 | D:4      | Noticed Duvessa
  3572 | D:4      | Noticed Dowan
  3610 | D:4      | Slain by Duvessa

Illustrated notes

Levels and vault maps discovered:
D:1:      amcnicky_arrival_feature_with_door, layout_loops_cross
D:2:      layout_basic, okawaru_altar_gauntlet_db, uniq_natasha
D:3:      layout_rooms, lemuel_doored_altar, kennysheep_slug_shrine,
          uniq_jessica
D:4:      layout_loops_ring, general_overflow_altar, lemuel_round_altar,
          led_sif_book, uniq_eustachio, uniq_crazy_yiuf_cottage, uniq_robin,
          uniq_duvessa

Skill      XL: |  1  2  3  4  5  6  7 |
---------------+----------------------+-----
Long Blades    | 2 3 4 |  4.3
Dodging        | 1 2 3 |  3.6
Armour         | 3 |  3.8
Shields        | 3 |  3.7
Fighting       | 4 |  4.8

Action                   |  1- 3 |  4- 6 |  7- 9 || total
-------------------------+-------+-------+-------++-------
Melee: Long sword        |    96 |   219 |   120 ||   435
Armor: Scale mail        |    77 |    69 |    51 ||   197
Dodge: Dodged            |    43 |   104 |    72 ||   219
Block: Kite shield       |    69 |   169 |   109 ||   347
       Reflection        |       |     3 |       ||     3
       Rpst.: Long sword |    14 |    34 |    15 ||    63
